 Dungeon Crawl Stone Soup version 0.30-b1-2-g02819fbbbe (webtiles) character file.

Game seed: 13154054711153294201

835 meatmek the Insei (level 7, -3/55 HPs)
             Began as an Octopode Transmuter on July 21, 2023.
             Slain by an orc warrior
             ... wielding a +0 trident
              (7 damage)
             ... on level 6 of the Dungeon on July 22, 2023.
             The game lasted 00:49:42 (6247 turns).

meatmek the Insei (Octopode Transmuter)             Turns: 6247, Time: 00:49:43

Health: -3/55      AC:  6    Str:  9    XL:     7   Next: 99%
Magic:  13/13      EV: 11    Int: 18    God:
Gold:   211        SH:  0    Dex: 12    Spells: 6/14 levels left

rFire   x . .        o - melded +5 dagger "Erif" {drain, rN++ Str+4 Int+4}
rCold   + + +        (shield currently unavailable)
rNeg    . . .        (helmet currently unavailable)
rPois   +            s - amulet of magic regeneration
rElec   .            (no ring)
rCorr   .            (no ring)
SInv    .            (no ring)
Will    .....        (no ring)
Stlth   ++           (no ring)
HPRegen 0.29/turn    (no ring)
MPRegen 0.53/turn    (no ring)
                     (no ring)

%: no passive effects
@: ice-form
A: freezing attack, boosted hp, almost no armour, amphibious, 8 rings, large,
(camouflage 1), (gelatinous body 1), (nimble swimmer 1), (tentacles)
a: End Transformation


You were on level 6 of the Dungeon.
You were a creature of crystalline ice.
You visited 1 branch of the dungeon, and saw 6 of its levels.

You collected 211 gold pieces.

Inventory:

Hand Weapons
 c - a +0 dagger
 o - the +5 dagger "Erif" (melded) {drain, rN++ Str+4 Int+4}
   (You found it on level 4 of the Dungeon)

   Str:       It affects your strength (+4).
   Int:       It affects your intelligence (+4).
   rN:        It greatly protects you from negative energy.
Missiles
 u - 6 javelins
Armour
 h - a +0 hat
Jewellery
 s - an amulet of magic regeneration (around neck)
Wands
 b - a wand of mindburst (12)
 t - a wand of quicksilver (6)
Scrolls
 d - a scroll of vulnerability {unknown}
 e - 2 scrolls of fog
 g - 3 scrolls of magic mapping
 i - a scroll of poison
 j - 2 scrolls of teleportation
 k - 2 scrolls of fear {unknown}
 m - a scroll of enchant weapon {unknown}
 n - 2 scrolls of noise {unknown}
 p - a scroll of blinking {unknown}
 r - 2 scrolls of amnesia {unknown}
Potions
 a - a potion of lignification
 f - 3 potions of might
 l - 2 potions of curing {unknown}
 q - 2 potions of haste {unknown}
 v - a potion of mutation {unknown}


   Skills:
 + Level 3.5 Fighting
 + Level 3.8 Dodging
 + Level 3.1 Stealth
 + Level 4.5 Unarmed Combat
 + Level 4.0 Spellcasting
 + Level 4.1 Transmutations
 - Level 2.0 Poison Magic


You had 6 spell levels left.
You knew the following spells:

 Your Spells              Type           Power      Damage    Failure   Level
a - Beastly Appendage     Tmut           36%        N/A       2%          1
b - Spider Form           Tmut/Pois      14%        N/A       13%         3
c - Ice Form              Ice/Tmut       11%        N/A       54%         4

Your spell library contained the following spells:

 Spells                   Type           Power      Damage    Failure   Level
 Wereblood                Tmut           18%        N/A       4%          2


Dungeon Overview and Level Annotations

Branches:
Dungeon (6/15)
 Temple: D:4-7

Altars:

Annotations:
D:2 exclusion: adder
D:4 exclusion: orc wizard
D:5 exclusion: 3 downstairs, Menkaure
D:6 Dowan, Duvessa


Innate Abilities, Weirdness & Mutations

You are a creature of crystalline ice.
You have a powerful freezing melee attack.
Your maximum health is increased.
Your armour is entirely melded.
You are incapable of wielding weapons or throwing items.
You cannot wear most types of armour.
You are amphibious.
You can wear up to eight rings at the same time.
((Your skin changes colour to match your surroundings (Stealth+).))
((Your rubbery body absorbs attacks. (AC +1, EV +1)))
((You are camouflaged when in or above water. (Stealth+)))
((You have tentacles for arms and can constrict up to eight enemies at once.))


Message History

There is a stone staircase leading down here.
You start resting.
HP restored.
Okay, then.
This spell is quite dangerous to cast!
Memorise Ice Form, consuming 4 spell levels and leaving 6?
You start memorising the spell.
You continue memorising. x4
You finish memorising.
Spell assigned to 'c'.
Casting: Spider Form (dangerous; 10% risk of failure)
Confirm with . or Enter, or press ? or * to list all spells.
The spell is quite dangerous to miscast (43% risk of failure)!
Continue anyway?
You turn into a creature of crystalline ice.
The +5 dagger "Erif" {drain, rN++ Str+4 Int+4} melds into your body.
There is a stone staircase leading down here.
This staircase is marked as excluded!
Enter next level anyway?
You climb downwards.
Level annotation: Dowan, Duvessa
There is a stone staircase leading up here.
The orc warrior hits you from afar with a +0 trident!
The orc warrior hits you with a +0 trident!
You hit the orc warrior. You freeze the orc warrior.
The orc warrior is moderately wounded.
The orc warrior hits you with a +0 trident!
You hit the orc warrior but do no damage.
The orc warrior is moderately wounded.
The orc warrior hits you with a +0 trident!
* * * LOW HITPOINT WARNING * * *
Okay, then.
Okay, then.
Press: ? - help, v - describe, . - travel, g - get item
Here: an orc warrior, wielding a +0 trident and wearing a +0 plate armour (moderately wounded)
Items here: )) [ †.
The floor, spattered with blood.
Press: ? - help, v - describe, . - travel, g - get item
Here: an orc warrior, wielding a +0 trident and wearing a +0 plate armour (moderately wounded)
Items here: )) [ †.
The floor, spattered with blood.
The orc warrior hits you from afar with a +0 trident!
You die...

...F.....##.#.##.#..# ..
# ....................#
. ##
..#......####..###.?. .#
##. ...........###.[#
#.##. #..
..#.####.[.####.####...
##.. #..
###.).)....###.### #...
##
#####.......#...#####..#
....##.<.o.........#...#
#....Y##.#.#.....#..##
####..[#.#.#./....<###
##.............W# #
##...###....o#.# . #...#
#......... ##..#
#e......... ##.#
#.......... #..
#..........
.......$.......


You could see an orc warrior.

Vanquished Creatures
  A black bear (D:5)
  An ogre (D:6)
  A centaur (D:5)
  3 scorpions
  4 hounds
  A jelly (D:6)
  3 iguanas (D:5)
  An orc wizard (D:6)
  2 adders
  A gnoll (D:5)
  A white imp (D:5)
  7 dart slugs
  8 orcs
  7 ball pythons
  7 bats
  7 endoplasms
  4 giant cockroaches
  7 goblins
  7 hobgoblins
  12 jackals
  9 kobolds
  2 quokkas
  2 frilled lizards
  8 rats
106 creatures vanquished.

Vanquished Creatures (others)
  36 plants (D:5)
36 creatures vanquished.

Grand Total: 142 creatures vanquished

Notes
Turn   | Place    | Note
-------+----------+-------------------------------------------
     0 | D:1      | meatmek the Octopode Transmuter began the quest for the
                  | Orb.
     0 | D:1      | Reached XP level 1. HP: 13/13 MP: 3/3
   345 | D:1      | Reached XP level 2. HP: 16/18 MP: 3/5
   734 | D:1      | Reached XP level 3. HP: 16/23 MP: 4/6
  1865 | D:1      | Learned a level 3 spell: Spider Form
  2016 | D:2      | Found a faded altar of an unknown god.
  2361 | D:2      | Reached XP level 4. HP: 25/29 MP: 8/8
  3610 | D:4      | Noticed a scorpion
  3695 | D:4      | Killed a scorpion
  3696 | D:4      | Reached skill level 1 in Poison Magic
  3696 | D:4      | Reached XP level 5. HP: 18/34 MP: 3/9
  3871 | D:4      | Identified the +5 dagger "Erif" {drain, rN++ Str+4 Int+4}
  4019 | D:5      | Entered Level 5 of the Dungeon
  4192 | D:5      | Reached XP level 6. HP: 40/40 MP: 6/10
  4500 | D:5      | Reached skill level 1 in Stealth
  4585 | D:5      | Reached XP level 7. HP: 45/45 MP: 8/12
  4955 | D:6      | Noticed Dowan
  5441 | D:5      | Noticed Menkaure
  5640 | D:6      | Noticed Duvessa
  6237 | D:5      | Learned a level 4 spell: Ice Form
  6247 | D:6      | Slain by an orc warrior

Illustrated notes

Levels and vault maps discovered:
D:1:      eino_arrival_tree_alley, layout_rooms, serial_aquarium,
          aquarium_bridge_island_large [aquarium_subvault_large_1_pool,
          aquarium_subvault_bridge, aquarium_subvault_wall,
          aquarium_subvault_bridge, aquarium_subvault_balcony],
          aquarium_bridge_long_separate [aquarium_subvault_bridge,
          aquarium_subvault_wall, aquarium_subvault_bridge,
          aquarium_subvault_wall, aquarium_subvault_bridge,
          aquarium_subvault_bridge], aquarium_window_1, aquarium_window_1,
          aquarium_view_2b, aquarium_view_2d, aquarium_pool_S, st_stairs_1,
          nicolae_concentric_dashed_squares_wild
D:2:      layout_basic, nicolae_ecumenical_snake_handling
D:3:      layout_basic
D:4:      layout_loops_cross, gammafunk_ghost_mausoleum, kennysheep_cross_room
D:5:      layout_loops_ring, serial_bayou, serial_bayou_pond_a,
          serial_bayou_crossing, serial_bayou_ford_a, serial_bayou_pond_b,
          serial_bayou_lagoon_a, uniq_menkaure
D:6:      layout_rooms, minivault_4, amcnicky_mini_pool_small, uniq_duvessa

Skill      XL: |  1  2  3  4  5  6  7 |
---------------+----------------------+-----
Fighting       | 2 3 |  3.5
Spellcasting   | 3 4 |  4.0
Transmutations | 3 4 |  4.1
Poison Magic   | 1 2 |  2.0
Dodging        | 3 |  3.8
Stealth        | 1 3 |  3.1
Unarmed Combat | 4 |  4.5

Action                     |  1- 3 |  4- 6 |  7- 9 || total
---------------------------+-------+-------+-------++-------
  Melee: Unarmed           |    19 |    29 |    69 ||   117
         Constrict         |    27 |    22 |       ||    49
         Kick              |    25 |    19 |       ||    44
         Tentacles         |    11 |     9 |       ||    20
         Punch             |     3 |     2 |       ||     5
         Dagger            |    77 |    76 |     1 ||   154
   Cast: Beastly Appendage |    26 |    11 |       ||    37
         Spider Form       |       |     7 |    12 ||    19
         Ice Form          |       |       |     1 ||     1
  Evoke: Wand              |       |       |     4 ||     4
    Use: Scroll            |       |     3 |     3 ||     6
   Stab: Sleeping          |     2 |     5 |       ||     7
 Armour: Skin              |    16 |     7 |     2 ||    25
  Dodge: Dodged            |    64 |    73 |    76 ||   213
